 Dungeon Crawl Stone Soup version 0.22.1-6-g1668fe2 (webtiles) character file.

18237 Kairos the Cleaver (level 12, -9/64 HPs)
             Began as a Vine Stalker Fighter on Jan 29, 2019.
             Was a High Priest of Okawaru.
             Mangled by a salamander
             ... wielding a +0 trident
              (10 damage)
             ... in a volcano on Jan 30, 2019.
             The game lasted 00:21:58 (8258 turns).

Kairos the Cleaver (Vine Stalker Fighter)           Turns: 8258, Time: 00:22:00

Health: -9/64      AC: 17    Str: 30    XL:     12   Next: 56%
Magic:  0/23       EV: 16    Int: 13    God:    Okawaru [*****.]
Gold:   708        SH: 14    Dex: 13    Spells: 11/11 levels left

rFire    . . .     SeeInvis +   a - +1 war axe
rCold    + . .     Gourm    .   c - +0 shield
rNeg     + . .     Faith    .   G - +2 scale mail {rC+}
rPois    .         Spirit   +   D - +3 hat of Pondering {ponderous, MR+ MP+10 Int+5}
rElec    .         Reflect  .   p - +0 cloak
rCorr    .         Harm     .   (no gloves)
MR       ++...                  K - +0 pair of boots {run}
Stlth    ++........             I - amulet of magic regeneration
HPRegen  1.00/turn              C - ring of positive energy
MPRegen  0.43/turn              s - ring of see invisible

@: mighty, heroism, finesse
A: fangs 3, horns 1, regeneration 2, magic shield, antimagic bite, no potion
heal 3, rot immunity, sturdy frame 1
a: Heroism, Finesse, Renounce Religion


You were in a volcano.
You worshipped Okawaru.
Okawaru was extremely pleased with you.
You were not hungry.

You visited 3 branches of the dungeon, and saw 12 of its levels.
You also visited: Sewer and Volcano.

You collected 708 gold pieces.

Inventory:

Hand Weapons
 a - a +1 war axe (weapon)
 B - a +1 hand axe of chopping
 J - the +0 falchion of Oceugep {venom, *Drain rF+ Int+2 Stlth+}
   (You found it on level 1 of the Lair of Beasts)

   It poisons the flesh of those it strikes.
   It affects your intelligence (+2).
   It protects you from fire.
   It causes draining when unequipped.
   It makes you more stealthy.
 M - the +1 morningstar "Aruighiy" {freeze, MR- Str+3 Dex+2}
   (You found it on level 2 of the Lair of Beasts)

   It has been specially enchanted to freeze those struck by it, causing extra
   injury to most foes and up to half again as much damage against particularly
   susceptible opponents.
   It can also slow down cold-blooded creatures.
   It affects your strength (+3).
   It affects your dexterity (+2).
   It affects your resistance to hostile enchantments.
Missiles
 v - 5 poisoned tomahawks
 y - a tomahawk of dispersal (quivered)
Armour
 c - a +0 shield (worn)
 p - a +0 cloak (worn)
 D - the +3 hat of Pondering (worn) {ponderous, MR+ MP+10 Int+5}
   (You took it off Gastronok on level 1 of the Lair of Beasts)

   It affects your intelligence (+5).
   It affects your resistance to hostile enchantments.
   It affects your magic capacity (+10).
 G - a +2 scale mail of cold resistance (worn)
 K - a +0 pair of boots of running (worn)
Jewellery
 b - an uncursed ring of ice
 k - an uncursed ring of resist corrosion
 s - a ring of see invisible (right hand)
 C - a ring of positive energy (left hand)
 I - an amulet of magic regeneration (around neck)
Wands
 u - a wand of acid (12)
 E - a wand of scattershot (4)
Scrolls
 g - 4 scrolls of magic mapping
 i - 3 scrolls of immolation
 l - a scroll of fog {unknown}
 m - a scroll of blinking
 n - 2 scrolls of identify
 o - 4 scrolls of remove curse
 q - a scroll of acquirement {unknown}
 r - 3 scrolls of amnesia
 w - 5 scrolls of teleportation
 z - a scroll of fear {unknown}
 F - 2 scrolls of silence {unknown}
 N - 2 scrolls of enchant armour
Potions
 e - a potion of ambrosia {unknown}
 h - 2 potions of haste
 j - 6 potions of curing
 x - a potion of cancellation {unknown}
 H - 4 potions of lignification {unknown}
 L - 4 potions of brilliance
Comestibles
 f - 21 rations
 t - 2 chunks of flesh


   Skills:
 + Level 7.7(12.7) Fighting
 + Level 12.4(17.4) Axes
 + Level 6.6(11.6) Armour
 + Level 5.2(10.2) Dodging
 + Level 2.5(7.5) Stealth
 + Level 7.9(12.9) Shields
 + Level 1.2 Invocations
 + Level 1.1 Evocations


You had 11 spell levels left.
You didn't know any spells.
Your spell library contained the following spells:

 Spells                   Type           Power        Failure   Level  Hunger
 Corona                   Hex            #......      50%         1    ##.....
 Freeze                   Ice            #...         50%         1    ##.....
 Summon Small Mammal      Summ           #...         50%         1    ##.....
 Call Imp                 Summ           #.......     65%         2    ###....
 Ensorcelled Hibernation  Hex/Ice        #.....       65%         2    ###....
 Throw Frost              Conj/Ice       #.....       65%         2    ###....
 Call Canine Familiar     Summ           #.......     86%         3    ####...
 Confuse                  Hex            #.......     86%         3    ####...
 Dazzling Spray           Conj/Hex       #.....       86%         3    ####...
 Ozocubu's Armour         Chrm/Ice       #.......     86%         3    ####...
 Summon Guardian Golem    Hex/Summ       #.......     86%         3    ####...
 Tukima's Dance           Hex            #.......     86%         3    ####...
 Summon Ice Beast         Ice/Summ       #.......     99%         4    #####..
 Summon Lightning Spire   Summ/Air       #.......     99%         4    #####..
 Throw Icicle             Conj/Ice       #.......     99%         4    #####..


Dungeon Overview and Level Annotations

Branches:
Dungeon (8/15)             Temple (1/1) D:7            Lair (3/6) D:8
 Shoals (0/4) Lair:3
  Snake: Lair:2-4    Spider: Lair:2-4

Altars:
Ashenzari
Cheibriados
Dithmenos
Elyvilon
Fedhas
Gozag
Hepliaklqana
Makhleb
Nemelex Xobeh
Okawaru
Qazlal
Ru
Sif Muna
Trog
Uskayaw
Vehumet
Wu Jian
Xom
Yredelemnul
Zin
The Shining One


Innate Abilities, Weirdness & Mutations

You have razor-sharp teeth.
You heal very quickly.
When hurt, damage is shared between your health and your magic reserves.
Your bite disrupts and absorbs the magic of your enemies.
Potions cannot restore your health.
You are immune to rotting.
You have a pair of small horns on your head.
Your movements are slightly less encumbered by armour. (ER -2)


Message History

The salamander mystic is severely wounded.
The salamander barely misses you.
The salamander mystic closely misses you.
You hit the salamander mystic.
You bite the salamander mystic, but do no damage.
The salamander mystic is severely wounded.
You feel very mighty all of a sudden. You block the salamander's attack. x2
The salamander mystic completely misses you.
You slice the salamander mystic!!
You kill the salamander mystic!
Okawaru is honoured by your kill. The salamander hits you with a trident!
* * * LOW HITPOINT WARNING * * *
You are engulfed in flames!
* * * LOW HITPOINT WARNING * * *
You block the salamander's attack. The salamander hits you with a trident.
* * * LOW HITPOINT WARNING * * *
You are engulfed in flames!
You die...

§§§§§≈≈≈.§§.≈§≈≈≈≈.≈≈.≈.§§≈§≈≈≈≈≈
§≈§≈≈≈≈ ................§§.§≈≈≈≈≈
§§§ #######'########§§§≈≈≈≈≈ §
#.# #..≈≈≈§§≈ #.# #.≈≈§§§§§ #.#
#.§≈§≈§§≈ #.# #.§§≈≈≈≈§ #.#
#..≈§≈≈≈ #@# .§§§§≈≈ #N# #.NN..#
#.8_8.# +.....+ #######


You could see 3 salamanders.

Vanquished Creatures
  Gastronok (Lair:1)
  2 hydras
  3 death yaks
  A salamander mystic (Volcano)
  2 black mambas
  5 spiny frogs
  A rime drake (Lair:2)
  4 komodo dragons
  4 polar bears (Lair:1)
  5 blink frogs (Lair:1)
  6 hippogriffs
  13 yaks
  A wyvern (Lair:2)
  A basilisk (Lair:2)
  Menkaure (D:7)
  2 water moccasins (Lair:3)
  4 porcupines
  A sky beast (D:6)
  6 black bears
  An ice beast (D:5)
  A phantom (D:8)
  5 ogres
  A centaur (D:5)
  4 crocodiles
  7 big kobolds (Sewer)
  7 bullfrogs
  A scorpion (D:8)
  A water moccasin skeleton (D:7)
  3 wights (D:7)
  2 howler monkeys
  A bullfrog zombie (D:8)
  A quasit (D:5)
  2 orc priests
  4 hounds
  2 bullfrog skeletons
  A gnoll shaman (D:6)
  Jessica (D:3)
  4 iguanas
  11 orc wizards
  5 worker ants
  Robin (D:3)
  5 gnolls (D:6)
  10 adders
  A shadow imp (D:8)
  4 oozes
  2 adder skeletons
  2 adder zombies
  6 worms
  2 dart slugs
  2 leopard geckos
  32 orcs
  A ball python (Sewer)
  4 bats
  4 giant cockroaches
  16 goblins
  8 hobgoblins
  4 jackals
  12 kobolds
  3 quokkas
  A frilled lizard (D:5)
  2 leopard gecko skeletons (D:4)
  A leopard gecko zombie (D:8)
  A quokka skeleton (D:7)
  13 rats
265 creatures vanquished.

Vanquished Creatures (others)
  3 fungi (Lair:2)
3 creatures vanquished.

Grand Total: 268 creatures vanquished

Notes
Turn   | Place    | Note
-------+----------+-------------------------------------------
     0 | D:1      | Kairos the Vine Stalker Fighter began the quest for the
                  | Orb.
     0 | D:1      | Reached XP level 1. HP: 11/11 MP: 2/2
   101 | D:1      | Reached XP level 2. HP: 16/16 MP: 3/3
   157 | D:1      | Reached skill level 2 in Axes
   450 | D:1      | Reached XP level 3. HP: 19/19 MP: 4/4
   723 | D:2      | Found a shattered altar of Ashenzari.
  1069 | D:3      | Gained mutation: Your natural rate of healing is unusually
                  | fast. [Vine Stalker growth]
  1069 | D:3      | Reached XP level 4. HP: 23/24 MP: 5/5
  1231 | D:3      | Noticed Jessica
  1236 | D:3      | Killed Jessica
  1286 | D:3      | Noticed Robin
  1294 | D:3      | Reached XP level 5. HP: 28/28 MP: 6/6
  1324 | D:3      | Killed Robin
  1324 | D:3      | Reached skill level 3 in Axes
  1786 | D:4      | Found a stormy altar of Qazlal.
  2032 | D:4      | Noticed an ogre
  2039 | D:4      | Killed an ogre
  2039 | D:4      | Reached skill level 4 in Axes
  2039 | D:4      | Reached XP level 6. HP: 16/32 MP: 7/7
  2267 | D:5      | Entered Level 5 of the Dungeon
  2300 | D:5      | Noticed an ice beast
  2315 | D:5      | Killed an ice beast
  2315 | D:5      | Reached skill level 1 in Dodging
  2315 | D:5      | Reached XP level 7. HP: 36/36 MP: 8/8
  2345 | D:5      | Found a glowing drain.
  2354 | Sewer    | Entered a sewer
  2511 | Sewer    | Reached skill level 5 in Axes
  2744 | Sewer    | Gained mutation: You have razor-sharp teeth. [Vine Stalker
                  | growth]
  2744 | Sewer    | Reached XP level 8. HP: 38/42 MP: 7/9
  2967 | D:5      | Reached skill level 6 in Axes
  3102 | D:5      | Reached skill level 1 in Stealth
  3845 | D:6      | Reached skill level 7 in Axes
  3908 | D:6      | Reached XP level 9. HP: 43/46 MP: 10/10
  4184 | D:6      | Reached skill level 5 in Shields
  4239 | D:7      | Noticed Menkaure
  4252 | D:7      | Killed Menkaure
  4341 | D:7      | Reached skill level 8 in Axes
  4525 | D:7      | Found a staircase to the Ecumenical Temple.
  4540 | Temple   | Entered the Ecumenical Temple
  4604 | Temple   | Became a worshipper of Warmaster Okawaru
  4976 | D:8      | Noticed a death yak
  4979 | D:8      | Noticed a death yak
  4989 | D:7      | Gained mutation: Scrolls take you a little longer to read.
                  | [potion of mutation]
  4989 | D:7      | Gained mutation: Your movements are slightly less
                  | encumbered by armour. (ER -2) [potion of mutation]
  4989 | D:7      | Lost mutation: Scrolls take you a little longer to read.
                  | [potion of mutation]
  4989 | D:7      | Gained mutation: You have a pair of small horns on your
                  | head. [potion of mutation]
  5093 | D:8      | Noticed a death yak
  5116 | D:7      | Killed a death yak
  5116 | D:7      | Reached * piety under Okawaru
  5116 | D:7      | Reached skill level 5 in Fighting
  5116 | D:7      | Reached skill level 9 in Axes
  5116 | D:7      | Reached XP level 10. HP: 22/51 MP: 11/11
  5122 | D:7      | Killed a death yak
  5122 | D:7      | Reached ** piety under Okawaru
  5123 | D:7      | Reached skill level 5 in Armour
  5281 | D:8      | Killed a death yak
  5333 | D:8      | Noticed a five-headed hydra
  5344 | D:8      | Killed a five-headed hydra
  5344 | D:8      | Reached *** piety under Okawaru
  5344 | D:8      | Reached skill level 10 in Axes
  5537 | D:8      | Found a staircase to the Lair.
  6253 | Lair:1   | Entered Level 1 of the Lair of Beasts
  6278 | Lair:1   | Noticed Gastronok
  6297 | Lair:1   | Killed Gastronok
  6297 | Lair:1   | Reached XP level 11. HP: 56/56 MP: 12/12
  6299 | Lair:1   | Reached **** piety under Okawaru
  6299 | Lair:1   | Reached skill level 11 in Axes
  6579 | Lair:1   | Reached ***** piety under Okawaru
  6951 | Lair:1   | Got a sapphire falchion
  7107 | Lair:1   | Identified the +0 falchion of Oceugep {venom, *Drain rF+
                  | Int+2 Stlth+} (You found it on level 1 of the Lair of
                  | Beasts)
  7155 | Lair:2   | Gained mutation: You heal very quickly. [Vine Stalker
                  | growth]
  7155 | Lair:2   | Reached XP level 12. HP: 49/63 MP: 13/13
  7183 | Lair:2   | Reached skill level 12 in Axes
  7364 | Lair:2   | Noticed a seven-headed hydra
  7380 | Lair:2   | Reached skill level 5 in Dodging
  7388 | Lair:2   | Killed a ten-headed hydra
  7388 | Lair:2   | Received a gift from Okawaru
  7402 | Lair:2   | Identified a +0 pair of boots of running (Okawaru gifted it
                  | to you on level 2 of the Lair of Beasts)
  7442 | Lair:2   | Reached skill level 1 in Invocations
  7528 | Lair:2   | Got an encrusted morningstar
  7529 | Lair:2   | Identified the cursed +1 morningstar "Aruighiy" {freeze,
                  | MR- Str+3 Dex+2} (You found it on level 2 of the Lair of
                  | Beasts)
  7790 | Lair:2   | Reached skill level 1 in Evocations
  8139 | Lair:3   | Found a dark tunnel.
  8157 | Volcano  | Entered a volcano
  8238 | Volcano  | Found a bloodstained altar of Trog.
  8258 | Volcano  | HP: 3/64 [salamander/trident (5)]
  8258 | Volcano  | HP: 1/64 [salamander/trident (2)]
  8258 | Volcano  | Mangled by a salamander

Skill      XL: |  1  2  3  4  5  6  7  8  9 10 11 12 |
---------------+-------------------------------------+-----
Axes           | 2 4 5 7 9 10 11 12 | 12.4
Armour         | 3 4 5 6 |  6.6
Fighting       | 3 4 5 6 7 |  7.7
Shields        | 3 4 5 6 7 |  7.9
Dodging        | 1 2 3 4 5 |  5.2
Stealth        | 1 2 |  2.5
Invocations    | 1 |  1.2
Evocations     | 1 |  1.1

Action                   |  1- 3 |  4- 6 |  7- 9 | 10-12 || total
-------------------------+-------+-------+-------+-------++-------
Melee: War axe           |    85 |   121 |   365 |   332 ||   903
       Bite              |    17 |    29 |    98 |   131 ||   275
       Headbutt          |       |       |     5 |    90 ||    95
Invok: Heroism           |       |       |       |    14 ||    14
       Finesse           |       |       |       |     1 ||     1
Evoke: Wand              |       |       |       |     9 ||     9
  Use: Scroll            |     5 |     3 |     7 |     3 ||    18
       Potion            |       |       |     9 |     1 ||    10
  Eat: Chunk             |       |     5 |    10 |     7 ||    22
       Ration            |       |       |       |     1 ||     1
Armor: Scale mail        |    25 |       |       |   107 ||   132
       Ring mail         |     3 |    57 |   170 |    16 ||   246
       Skin              |       |       |       |     1 ||     1
Dodge: Dodged            |    29 |    35 |   142 |   162 ||   368
Block: Shield            |    39 |    58 |   199 |   228 ||   524
